 Dungeon Crawl Stone Soup version 0.29.0-4-gdea44cf6ec (webtiles) character file.

Game seed: 15963988931419212137

33642 qw the Brawler (level 13, 0/131 HPs)
             Began as a Troll Cinder Acolyte on Sept 3, 2022.
             Was an Initiate of Ignis.
             Slain by an eight-headed hydra (2 damage)
             ... on level 5 of the Lair of Beasts.
             The game lasted 00:07:50 (12876 turns).

qw the Brawler (Troll Cinder Acolyte)              Turns: 12876, Time: 00:07:51

Health: 0/131      AC: 15    Str: 29    XL:     13   Next: 37%
Magic:  13/13      EV:  9    Int: 10    God:    Ignis [......]
Gold:   524        SH:  0    Dex:  5    Spells: 14/14 levels left

rFire   + . .      SeeInvis .     - Unarmed
rCold   + . .      Faith    .   (no shield)
rNeg    . . .      Spirit   .   o - +3 swamp dragon scales
rPois   +          Reflect  .   (helmet restricted)
rElec   .          Harm     .   f - +1 cloak {Will+}
rCorr   .          Rampage  .   (gloves unavailable)
Will    +....                   (boots unavailable)
Stlth   ..........              b - amulet of regeneration
HPRegen 1.91/turn               p - ring of protection from cold
MPRegen 0.13/turn               (no ring)

@: about to teleport
A: large, unfitting armour, claws 3, regeneration 1, shaggy fur 1, tough skin 1
a: Renounce Religion, Rising Flame


You were on level 5 of the Lair of Beasts.
You worshipped Ignis.
Ignis was noncommittal.
You visited 2 branches of the dungeon, and saw 15 of its levels.

You collected 965 gold pieces.
You spent 441 gold pieces at shops.


Innate Abilities, Weirdness & Mutations

You are too large for most types of armour.
You have claws for hands.
Your natural rate of healing is unusually fast.
You are covered in fur. (AC +1)
You have tough skin. (AC +1)


   Skills:
 - Level 9.0 Fighting
 - Level 5.0 Throwing
 - Level 4.0 Armour
 - Level 2.2 Dodging
 + Level 19.0 Unarmed Combat
 - Level 1.0 Spellcasting
 - Level 2.1 Fire Magic


You had 14 spell levels left.
You didn't know any spells.
Your spell library contained the following spells:

 Spells                   Type           Power      Damage    Failure   Level
 Scorch                   Fire           8%         2d5       30%         2

Inventory:

Missiles
 c - 5 boomerangs (quivered)
Armour
 f - a +1 cloak of willpower (worn)
 o - +3 swamp dragon scales (worn)
Jewellery
 a - the ring "Etoath" {Ice rPois Str-5 Int+2}
   (You found it on level 2 of the Lair of Beasts)

   [ring of ice]

   It enhances your ice magic.
   Str:       It affects your strength (-5).
   Int:       It affects your intelligence (+2).
   rF:        It makes you vulnerable to fire.
   rC:        It protects you from cold.
   rPois:     It protects you from poison.
 b - an amulet of regeneration (around neck)
 k - a ring of fire
 l - a ring of ice
 p - a ring of protection from cold (left claw)
 q - a +4 ring of evasion
 s - an amulet of guardian spirit
Scrolls
 e - 4 scrolls of identify
 g - 3 scrolls of enchant weapon
 n - a scroll of teleportation
Potions
 d - 3 potions of resistance
 h - 4 potions of mutation
 i - 5 potions of heal wounds
 j - 8 potions of curing
 m - 3 potions of might
 r - 2 potions of haste
 t - a potion of cancellation
 u - a potion of invisibility {unknown}

Dungeon Overview and Level Annotations

Branches:
Dungeon (10/15)            Temple (0/1) D:5            Lair (5/5) D:10
  Swamp (0/4) Lair:2       Spider (0/4) Lair:3        Slime (0/5) Lair:4
    Orc: D:9-12

Altars:
Elyvilon
Okawaru
Qazlal
Ru
Sif Muna
Uskayaw
Vehumet
Wu Jian
Yredelemnul
Zin
Jiyva

Shops:
D:5 [   D:7 =   D:10 !


Message History

You claw the wyvern!!
The wyvern is almost dead.
The wyvern bites you.
You scratch the wyvern. Your claw misses the wyvern.
The wyvern is almost dead.
The wyvern bites you but does no damage.
The wyvern bites you!
You eviscerate the wyvern!!!
You kill the wyvern!
The wyvern bites you.
Your Fighting skill increases to level 9!
You barely miss the eight-headed hydra. You claw the eight-headed hydra!
The eight-headed hydra is moderately wounded.
The eight-headed hydra bites you.
The eight-headed hydra bites you but does no damage. x2
The eight-headed hydra bites you!
The eight-headed hydra bites you but does no damage. x2
The eight-headed hydra closely misses you.
The eight-headed hydra bites you.
The wyvern bites you but does no damage.
You barely miss the eight-headed hydra.
The eight-headed hydra is moderately wounded.
The wyvern bites you.
The eight-headed hydra bites you but does no damage. x2
The eight-headed hydra bites you! x2
The eight-headed hydra barely misses you.
The eight-headed hydra bites you but does no damage.
The eight-headed hydra completely misses you.
The eight-headed hydra bites you!
12876 ||| READING 2 scrolls of teleportation.
As you read the scroll of teleportation, it crumbles to dust.
You feel strangely unstable. The wyvern barely misses you.
The eight-headed hydra bites you but does no damage.
The eight-headed hydra bites you.
The eight-headed hydra bites you but does no damage.
The eight-headed hydra bites you!
The eight-headed hydra bites you but does no damage. x2
The eight-headed hydra bites you.
You die...

.##........ ....P## ..#.......
#.... #....... ##.... #......
#..... ##....# ##....# #.....#
##....## #....########...#.# ###
##.lD.##.....%.##### ###.####
##@.##P.......#.###
####..#.#.####...............##
#.#.......P##..................
##..........#.P.................
#...............................
#.P..........#.................P
##.P........P................#.#
###..............#.....#.######
#...............#......##


You could see an eight-headed hydra and a wyvern.

Vanquished Creatures
  Josephine (Lair:4)
  3 hydras
  Harold (D:10)
  4 elephants
  Maurice (D:9)
  4 black mambas
  Joseph (D:8)
  Maggie (D:8)
  9 cane toads
  3 rime drakes
  5 komodo dragons
  2 trolls (D:10)
  2 polar bears (Lair:4)
  2 hornets
  17 blink frogs
  50 yaks
  6 wraiths
  Sigmund (D:4)
  Grum (D:8)
  A redback (Lair:3)
  8 wyverns
  2 basilisks
  2 steam dragons
  16 water moccasins
  A floating eye (Lair:4)
  3 orc warriors
  7 black bears
  5 ice beasts
  11 wolves
  3 centaurs
  2 phantoms (D:5)
  A kobold brigand (D:10)
  9 bullfrogs
  A gnoll sergeant (D:5)
  3 scorpions
  2 necrophages
  3 wights (D:6)
  15 killer bees
  An electric eel (D:9)
  5 howler monkeys
  A gnoll bouda (D:5)
  2 jellies
  3 hounds
  8 orc priests
  Jessica (D:2)
  Natasha (twice) (D:2)
  9 hell rats
  11 orc wizards
  Ijyb (D:3)
  3 iguanas
  Robin (D:3)
  11 gnolls
  6 adders
  2 shadow imps (D:7)
  An ufetubus (D:4)
  6 worms
  A dart slug (D:3)
  32 orcs
  8 ball pythons
  9 endoplasms
  6 giant cockroaches
  14 goblins
  10 hobgoblins
  10 jackals (D:1)
  9 kobolds
  5 quokkas
  4 bats (D:1)
  A frilled lizard (D:3)
  2 rats
394 creatures vanquished.

Vanquished Creatures (others)
  42 fungi
  78 plants
120 creatures vanquished.

Grand Total: 514 creatures vanquished

Notes
Turn   | Place    | Note
-------+----------+-------------------------------------------
     0 | D:1      | qw the Troll Cinder Acolyte began the quest for the Orb.
     0 | D:1      | Reached XP level 1. HP: 22/22 MP: 1/1
     0 | D:1      | 0 ||| qw: Version: 0.1-a-102-g441f92d
     0 | D:1      | 0 ||| qw: Game counter: 5077
     0 | D:1      | 0 ||| qw: Always use a shield: true
     0 | D:1      | 0 ||| qw: God list: Okawaru
     0 | D:1      | 0 ||| qw: Allow faded altars: false
     0 | D:1      | 0 ||| qw: Do Orc after D:15 true
     0 | D:1      | 0 ||| qw: Do second Lair branch before Depths: true
     0 | D:1      | 0 ||| qw: Lair rune preference: random
     0 | D:1      | 0 ||| qw: Plans: Normal
     0 | D:1      | 0 ||| PLANNING D:1-11
    30 | D:1      | 30 ||| Stepping ~*~*~tactically~*~*~ (stealth).
    34 | D:1      | 34 ||| Stepping ~*~*~tactically~*~*~ (stealth).
    35 | D:1      | 35 ||| Stepping ~*~*~tactically~*~*~ (stealth).
    38 | D:1      | 38 ||| Stepping ~*~*~tactically~*~*~ (stealth).
    72 | D:1      | 72 ||| Stepping ~*~*~tactically~*~*~ (outnumbered).
    73 | D:1      | 73 ||| Stepping ~*~*~tactically~*~*~ (outnumbered).
    77 | D:1      | Reached XP level 2. HP: 29/29 MP: 2/2
    90 | D:1      | Found a faded altar of an unknown god.
   213 | D:1      | Reached skill level 4 in Unarmed Combat
   224 | D:1      | 224 ||| Stepping ~*~*~tactically~*~*~ (outnumbered).
   225 | D:1      | 225 ||| Stepping ~*~*~tactically~*~*~ (outnumbered).
   226 | D:1      | 226 ||| Stepping ~*~*~tactically~*~*~ (outnumbered).
   300 | D:1      | 300 ||| Stepping ~*~*~tactically~*~*~ (stealth).
   307 | D:1      | Reached XP level 3. HP: 35/36 MP: 3/3
   307 | D:1      | 307 ||| Stepping ~*~*~tactically~*~*~ (stealth).
   354 | D:1      | You fall into a shaft and drop 1 floor!
   433 | D:2      | 433 ||| READING scroll labelled BAOPHY YSIOSS.
   451 | D:2      | 451 ||| READING scroll labelled SAZIFU XEUXATZ.
   452 | D:2      | 452 ||| READING scroll labelled ZEX XULATUSCH.
   760 | D:1      | 760 ||| Stepping ~*~*~tactically~*~*~ (stealth).
   924 | D:1      | 924 ||| UPGRADING to amulet of regeneration.
   929 | D:1      | 929 ||| READING scroll labelled JEPPOU HIUTTU.
   930 | D:1      | 930 ||| READING scroll labelled GERHAPP SUELAE.
   931 | D:1      | 931 ||| Stepping randomly (stuck).
   932 | D:1      | 932 ||| Stepping ~*~*~tactically~*~*~ (cloud).
  1013 | D:2      | Reached skill level 5 in Unarmed Combat
  1013 | D:2      | Reached XP level 4. HP: 44/44 MP: 4/4
  1019 | D:2      | 1019 ||| Stepping ~*~*~tactically~*~*~ (stealth).
  1120 | D:2      | 1120 ||| Stepping ~*~*~tactically~*~*~ (stealth).
  1121 | D:2      | 1121 ||| Stepping ~*~*~tactically~*~*~ (stealth).
  1251 | D:2      | Noticed Natasha
  1260 | D:2      | Killed Natasha
  1409 | D:2      | Noticed Jessica
  1410 | D:2      | 1410 ||| Stepping ~*~*~tactically~*~*~ (hiding).
  1416 | D:2      | Killed Jessica
  1417 | D:2      | Reached XP level 5. HP: 50/50 MP: 5/5
  1417 | D:2      | Noticed Natasha
  1418 | D:2      | 1418 ||| Stepping ~*~*~tactically~*~*~ (stealth).
  1419 | D:2      | 1419 ||| Stepping ~*~*~tactically~*~*~ (stealth).
  1429 | D:2      | Killed Natasha
  1430 | D:2      | Reached skill level 6 in Unarmed Combat
  1731 | D:2      | 1731 ||| READING scroll labelled NIOL UPNIF.
  1732 | D:2      | 1732 ||| DRINKING 2 sedimented sapphire potions.
  1814 | D:3      | Noticed Ijyb
  1815 | D:3      | 1815 ||| Stepping ~*~*~tactically~*~*~ (hiding).
  1820 | D:3      | Killed Ijyb
  2107 | D:3      | Found a basalt altar of Yredelemnul.
  2132 | D:3      | Noticed Robin
  2133 | D:3      | 2133 ||| Stepping ~*~*~tactically~*~*~ (hiding).
  2143 | D:3      | 2143 ||| INVOKING Fiery Armour.
  2144 | D:3      | 2144 ||| Stepping ~*~*~tactically~*~*~ (outnumbered).
  2145 | D:3      | 2145 ||| Stepping ~*~*~tactically~*~*~ (outnumbered).
  2149 | D:3      | Killed Robin
  2364 | D:3      | 2364 ||| DROPPING orb of wrath.
  2365 | D:3      | 2365 ||| DROPPING ring of wizardry.
  2366 | D:3      | 2366 ||| READING 2 scrolls labelled YVUAHO REC.
  2367 | D:3      | 2367 ||| READING scroll labelled YLUQIBI VEMIHINYN.
  2368 | D:3      | 2368 ||| READING scroll labelled TASITU CEXEHUE.
  2369 | D:3      | 2369 ||| READING scroll labelled OCITAKHLUAPT.
  2370 | D:3      | 2370 ||| DRINKING 2 puce potions.
  2371 | D:3      | 2371 ||| DROPPING potion of flight.
  2372 | D:3      | 2372 ||| DROPPING scroll of immolation.
  2391 | D:4      | 2391 ||| Stepping ~*~*~tactically~*~*~ (stealth).
  2420 | D:4      | Found a sacrificial altar of Ru.
  2453 | D:4      | 2453 ||| Stepping ~*~*~tactically~*~*~ (stealth).
  2454 | D:4      | 2454 ||| Stepping ~*~*~tactically~*~*~ (stealth).
  2463 | D:4      | Reached XP level 6. HP: 58/59 MP: 6/6
  2497 | D:4      | 2497 ||| Stepping ~*~*~tactically~*~*~ (stealth).
  2554 | D:4      | Noticed Sigmund
  2555 | D:4      | 2555 ||| Stepping ~*~*~tactically~*~*~ (hiding).
  2556 | D:4      | 2556 ||| Stepping ~*~*~tactically~*~*~ (hiding).
  2564 | D:4      | Killed Sigmund
  2565 | D:4      | Reached skill level 7 in Unarmed Combat
  2695 | D:4      | 2695 ||| Stepping ~*~*~tactically~*~*~ (stealth).
  2696 | D:4      | 2696 ||| Stepping ~*~*~tactically~*~*~ (hiding).
  2703 | D:4      | 2703 ||| INVOKING Fiery Armour.
  2714 | D:4      | Reached skill level 8 in Unarmed Combat
  2755 | D:4      | Reached XP level 7. HP: 62/66 MP: 7/7
  2828 | D:4      | Reached skill level 3 in Fighting
  3004 | D:4      | 3004 ||| READING scroll labelled HIQESKOYBA.
  3007 | D:4      | 3007 ||| READING 2 scrolls of identify.
  3007 | D:4      | 3007 ||| IDENTIFYING glowing blue potion
  3019 | D:5      | Entered Level 5 of the Dungeon
  3023 | D:5      | 3023 ||| STAIRDANCE
  3034 | D:5      | 3034 ||| STAIRDANCE
  3076 | D:5      | Reached skill level 9 in Unarmed Combat
  3116 | D:5      | Reached skill level 1 in Throwing
  3125 | D:5      | Reached XP level 8. HP: 62/75 MP: 8/8
  3131 | D:5      | Reached skill level 1 in Dodging
  3146 | D:5      | 3146 ||| Stepping ~*~*~tactically~*~*~ (outnumbered).
  3146 | D:5      | Found Tietikh's Antique Armour Shoppe.
  3147 | D:5      | 3147 ||| Stepping ~*~*~tactically~*~*~ (outnumbered).
  3150 | D:5      | 3150 ||| Stepping ~*~*~tactically~*~*~ (outnumbered).
  3151 | D:5      | 3151 ||| Stepping ~*~*~tactically~*~*~ (stealth).
  3154 | D:5      | 3154 ||| FLEEEEING.
  3155 | D:5      | 3155 ||| FLEEEEING.
  3156 | D:5      | 3156 ||| STAIRDANCE
  3169 | D:5      | 3169 ||| Stepping ~*~*~tactically~*~*~ (outnumbered).
  3170 | D:5      | 3170 ||| Stepping ~*~*~tactically~*~*~ (outnumbered).
  3171 | D:5      | 3171 ||| Stepping ~*~*~tactically~*~*~ (outnumbered).
  3172 | D:5      | 3172 ||| Stepping ~*~*~tactically~*~*~ (outnumbered).
  3173 | D:5      | 3173 ||| Stepping ~*~*~tactically~*~*~ (outnumbered).
  3174 | D:5      | 3174 ||| Stepping ~*~*~tactically~*~*~ (outnumbered).
  3175 | D:5      | 3175 ||| Stepping ~*~*~tactically~*~*~ (outnumbered).
  3176 | D:5      | 3176 ||| Stepping ~*~*~tactically~*~*~ (outnumbered).
  3177 | D:5      | 3177 ||| Stepping ~*~*~tactically~*~*~ (outnumbered).
  3178 | D:5      | 3178 ||| Stepping ~*~*~tactically~*~*~ (outnumbered).
  3182 | D:5      | Reached skill level 10 in Unarmed Combat
  3195 | D:5      | 3195 ||| BUYING embroidered scarf (152 gold).
  3195 | D:5      | Bought an embroidered scarf for 152 gold pieces
  3232 | D:5      | 3232 ||| Stepping ~*~*~tactically~*~*~ (hiding).
  3233 | D:5      | 3233 ||| Stepping ~*~*~tactically~*~*~ (hiding).
  3286 | D:5      | 3286 ||| Stepping ~*~*~tactically~*~*~ (stealth).
  3294 | D:5      | 3294 ||| INVOKING Fiery Armour.
  3297 | D:5      | 3297 ||| Stepping ~*~*~tactically~*~*~ (outnumbered).
  3298 | D:5      | 3298 ||| Stepping ~*~*~tactically~*~*~ (outnumbered).
  3299 | D:5      | 3299 ||| Stepping ~*~*~tactically~*~*~ (outnumbered).
  3302 | D:5      | 3302 ||| Stepping ~*~*~tactically~*~*~ (outnumbered).
  3303 | D:5      | 3303 ||| Stepping ~*~*~tactically~*~*~ (outnumbered).
  3305 | D:5      | 3305 ||| Stepping ~*~*~tactically~*~*~ (outnumbered).
  3306 | D:5      | 3306 ||| Stepping ~*~*~tactically~*~*~ (outnumbered).
  3307 | D:5      | 3307 ||| Stepping ~*~*~tactically~*~*~ (outnumbered).
  3308 | D:5      | 3308 ||| Stepping ~*~*~tactically~*~*~ (outnumbered).
  3309 | D:5      | 3309 ||| Stepping ~*~*~tactically~*~*~ (outnumbered).
  3328 | D:5      | HP: 19/78 [gnoll/+0 halberd[a gnoll bouda] (10)]
  3563 | D:5      | Found a staircase to the Ecumenical Temple.
  3649 | D:5      | Found a hide-covered altar of Uskayaw.
  3736 | D:5      | 3736 ||| DROPPING scarf of invisibility.
  3737 | D:5      | 3737 ||| DROPPING ring of flight.
  3738 | D:5      | 3738 ||| READING 3 scrolls of identify.
  3738 | D:5      | 3738 ||| IDENTIFYING pink potion
  3739 | D:5      | 3739 ||| READING 2 scrolls of identify.
  3739 | D:5      | 3739 ||| IDENTIFYING coppery potion
  3740 | D:5      | 3740 ||| DROPPING potion of lignification.
  3848 | D:6      | 3848 ||| Stepping ~*~*~tactically~*~*~ (hiding).
  3877 | D:6      | 3877 ||| Stepping ~*~*~tactically~*~*~ (stealth).
  3878 | D:6      | 3878 ||| Stepping ~*~*~tactically~*~*~ (stealth).
  3885 | D:6      | 3885 ||| FLEEEEING.
  3896 | D:6      | 3896 ||| Stepping ~*~*~tactically~*~*~ (stealth).
  3899 | D:6      | 3899 ||| Stepping ~*~*~tactically~*~*~ (stealth).
  3908 | D:6      | 3908 ||| Stepping ~*~*~tactically~*~*~ (hiding).
  3909 | D:6      | 3909 ||| Stepping ~*~*~tactically~*~*~ (hiding).
  3916 | D:6      | Reached skill level 11 in Unarmed Combat
  3928 | D:6      | Found an iron altar of Okawaru.
  3938 | D:6      | Identified the +10 spear "Guiriyla" {holy, rF+}
  3981 | D:6      | Found a stormy altar of Qazlal.
  4030 | D:6      | Reached XP level 9. HP: 77/84 MP: 9/9
  4063 | D:6      | 4063 ||| Stepping ~*~*~tactically~*~*~ (hiding).
  4067 | D:6      | 4067 ||| INVOKING Fiery Armour.
  4075 | D:6      | 4075 ||| FLEEEEING.
  4076 | D:6      | 4076 ||| FLEEEEING.
  4258 | D:6      | 4258 ||| Stepping ~*~*~tactically~*~*~ (stealth).
  4382 | D:6      | 4382 ||| UPGRADING to +0 steam dragon scales.
  4392 | D:6      | 4392 ||| DROPPING +0 robe.
  4393 | D:6      | 4393 ||| UPGRADING to ring of protection from cold.
  4394 | D:6      | 4394 ||| DRINKING 2 emerald potions.
  4495 | D:6      | 4495 ||| READING 3 scrolls of identify.
  4495 | D:6      | 4495 ||| IDENTIFYING amethyst potion
  4496 | D:6      | 4496 ||| READING 2 scrolls of identify.
  4496 | D:6      | 4496 ||| IDENTIFYING fizzy cyan potion
  4497 | D:6      | 4497 ||| DROPPING potion of degeneration.
  4498 | D:6      | 4498 ||| DROPPING potion of ambrosia.
  4593 | D:7      | Reached skill level 1 in Armour
  4658 | D:7      | Found Sasof's Jewellery Shoppe.
  4661 | D:7      | 4661 ||| SHOPLISTING +4 ring of protection (504 gold, have
                  | 96).
  4661 | D:7      | 4661 ||| SHOPLISTING ring of poison resistance (280 gold,
                  | have 96).
  4661 | D:7      | 4661 ||| SHOPLISTING ring of the Hare {EV+8} (1792 gold,
                  | have 96).
  4664 | D:7      | 4664 ||| Stepping ~*~*~tactically~*~*~ (hiding).
  4665 | D:7      | 4665 ||| Stepping ~*~*~tactically~*~*~ (hiding).
  4992 | D:7      | Reached skill level 12 in Unarmed Combat
  5146 | D:7      | 5146 ||| Stepping ~*~*~tactically~*~*~ (outnumbered).
  5147 | D:7      | 5147 ||| Stepping ~*~*~tactically~*~*~ (outnumbered).
  5148 | D:7      | 5148 ||| Stepping ~*~*~tactically~*~*~ (outnumbered).
  5149 | D:7      | 5149 ||| Stepping ~*~*~tactically~*~*~ (hiding).
  5611 | D:7      | 5611 ||| READING scroll labelled YRAPSORUYW.
  5612 | D:7      | 5612 ||| READING scroll labelled RYJIEGOQERE.
  5613 | D:7      | 5613 ||| DRINKING 2 yellow potions.
  5614 | D:7      | 5614 ||| DRINKING 2 bubbling green potions.
  5615 | D:7      | 5615 ||| DROPPING potion of brilliance.
  5648 | D:8      | 5648 ||| STAIRDANCE
  5666 | D:8      | 5666 ||| STAIRDANCE
  5671 | D:7      | Reached skill level 13 in Unarmed Combat
  5688 | D:8      | 5688 ||| STAIRDANCE
  5712 | D:8      | 5712 ||| STAIRDANCE
  5721 | D:7      | Reached XP level 10. HP: 54/96 MP: 10/10
  5816 | D:8      | Found a radiant altar of Vehumet.
  5818 | D:8      | 5818 ||| READING 2 scrolls of teleportation.
  5820 | D:8      | Noticed Joseph
  5824 | D:8      | Killed Joseph
  5901 | D:8      | Noticed Grum
  5902 | D:8      | 5902 ||| INVOKING Fiery Armour.
  5916 | D:8      | Killed Grum
  5917 | D:8      | Reached skill level 14 in Unarmed Combat
  5979 | D:8      | 5979 ||| Stepping ~*~*~tactically~*~*~ (hiding).
  6103 | D:8      | Noticed Maggie
  6110 | D:8      | Killed Maggie
  6147 | D:8      | 6147 ||| READING scroll of enchant armour.
  6147 | D:8      | 6147 ||| ENCHANTING +0 steam dragon scales.
  6443 | D:8      | 6443 ||| UPGRADING to +0 swamp dragon scales.
  6453 | D:8      | 6453 ||| DROPPING +1 steam dragon scales.
  6454 | D:8      | 6454 ||| READING scroll labelled ETYN WEIXALYL.
  6467 | D:9      | 6467 ||| STAIRDANCE
  6498 | D:9      | 6498 ||| STAIRDANCE
  6515 | D:9      | 6515 ||| STAIRDANCE
  6520 | D:8      | Reached skill level 6 in Fighting
  6555 | D:9      | 6555 ||| FLEEEEING.
  6556 | D:9      | 6556 ||| STAIRDANCE
  6573 | D:9      | 6573 ||| Stepping ~*~*~tactically~*~*~ (outnumbered).
  6604 | D:9      | Noticed Maurice
  6621 | D:9      | Killed Maurice
  6736 | D:9      | 6736 ||| DRINKING 3 potions of curing.
  6736 | D:9      | 6736 ||| (to cure confusion)
  6742 | D:9      | Reached skill level 15 in Unarmed Combat
  6758 | D:9      | 6758 ||| FLEEEEING.
  6760 | D:9      | 6760 ||| FLEEEEING.
  6761 | D:9      | 6761 ||| FLEEEEING.
  6762 | D:9      | 6762 ||| FLEEEEING.
  6763 | D:9      | 6763 ||| FLEEEEING.
  6830 | D:9      | Found a white marble altar of Elyvilon.
  6954 | D:9      | Reached XP level 11. HP: 94/105 MP: 11/11
  6955 | D:9      | 6955 ||| Stepping ~*~*~tactically~*~*~ (stealth).
  6960 | D:9      | Reached skill level 3 in Throwing
  6961 | D:9      | 6961 ||| Stepping ~*~*~tactically~*~*~ (outnumbered).
  6962 | D:9      | 6962 ||| Stepping ~*~*~tactically~*~*~ (outnumbered).
  6964 | D:9      | 6964 ||| Stepping ~*~*~tactically~*~*~ (outnumbered).
  6967 | D:9      | 6967 ||| Stepping ~*~*~tactically~*~*~ (outnumbered).
  6980 | D:9      | 6980 ||| INVOKING Fiery Armour.
  7033 | D:9      | Found a shimmering blue altar of Sif Muna.
  7069 | D:9      | 7069 ||| Stepping ~*~*~tactically~*~*~ (hiding).
  7070 | D:9      | 7070 ||| Stepping ~*~*~tactically~*~*~ (hiding).
  7071 | D:9      | 7071 ||| Stepping ~*~*~tactically~*~*~ (hiding).
  7193 | D:9      | 7193 ||| READING scroll of enchant armour.
  7193 | D:9      | 7193 ||| ENCHANTING +0 swamp dragon scales.
  7446 | D:9      | 7446 ||| UPGRADING to +1 cloak of willpower.
  7451 | D:9      | 7451 ||| READING 2 scrolls of identify.
  7451 | D:9      | 7451 ||| IDENTIFYING sedimented white potion
  7452 | D:9      | 7452 ||| DROPPING potion of magic.
  7490 | D:10     | Entered Level 10 of the Dungeon
  7494 | D:10     | 7494 ||| Stepping ~*~*~tactically~*~*~ (outnumbered).
  7495 | D:10     | 7495 ||| STAIRDANCE
  7529 | D:10     | Found a glowing silver altar of Zin.
  7529 | D:10     | Found an ornate altar of the Wu Jian Council.
  7532 | D:10     | 7532 ||| READING scroll of teleportation.
  7534 | D:10     | Found the +18 Lear's hauberk
  7538 | D:10     | 7538 ||| Stepping ~*~*~tactically~*~*~ (outnumbered).
  7539 | D:10     | 7539 ||| Stepping ~*~*~tactically~*~*~ (outnumbered).
  7540 | D:10     | 7540 ||| Stepping ~*~*~tactically~*~*~ (outnumbered).
  7541 | D:10     | 7541 ||| Stepping ~*~*~tactically~*~*~ (outnumbered).
  7542 | D:10     | 7542 ||| STAIRDANCE
  7544 | D:9      | 7544 ||| Stepping ~*~*~tactically~*~*~ (outnumbered).
  7545 | D:9      | 7545 ||| Stepping ~*~*~tactically~*~*~ (outnumbered).
  7553 | D:10     | 7553 ||| Stepping ~*~*~tactically~*~*~ (outnumbered).
  7554 | D:10     | 7554 ||| Stepping ~*~*~tactically~*~*~ (outnumbered).
  7555 | D:10     | 7555 ||| Stepping ~*~*~tactically~*~*~ (outnumbered).
  7556 | D:10     | 7556 ||| Stepping ~*~*~tactically~*~*~ (outnumbered).
  7557 | D:10     | 7557 ||| Stepping ~*~*~tactically~*~*~ (outnumbered).
  7558 | D:10     | 7558 ||| Stepping ~*~*~tactically~*~*~ (outnumbered).
  7559 | D:10     | 7559 ||| Stepping ~*~*~tactically~*~*~ (outnumbered).
  7560 | D:10     | 7560 ||| Stepping ~*~*~tactically~*~*~ (outnumbered).
  7561 | D:10     | 7561 ||| Stepping ~*~*~tactically~*~*~ (outnumbered).
  7562 | D:10     | 7562 ||| Stepping ~*~*~tactically~*~*~ (outnumbered).
  7563 | D:10     | 7563 ||| Stepping ~*~*~tactically~*~*~ (outnumbered).
  7564 | D:10     | 7564 ||| Stepping ~*~*~tactically~*~*~ (outnumbered).
  7565 | D:10     | 7565 ||| Stepping ~*~*~tactically~*~*~ (outnumbered).
  7566 | D:10     | 7566 ||| Stepping ~*~*~tactically~*~*~ (outnumbered).
  7567 | D:10     | 7567 ||| Stepping ~*~*~tactically~*~*~ (outnumbered).
  7568 | D:10     | 7568 ||| Stepping ~*~*~tactically~*~*~ (outnumbered).
  7569 | D:10     | 7569 ||| Stepping ~*~*~tactically~*~*~ (outnumbered).
  7570 | D:10     | 7570 ||| Stepping ~*~*~tactically~*~*~ (outnumbered).
  7571 | D:10     | 7571 ||| Stepping ~*~*~tactically~*~*~ (outnumbered).
  7572 | D:10     | 7572 ||| Stepping ~*~*~tactically~*~*~ (outnumbered).
  7573 | D:10     | 7573 ||| Stepping ~*~*~tactically~*~*~ (outnumbered).
  7574 | D:10     | 7574 ||| Stepping ~*~*~tactically~*~*~ (outnumbered).
  7575 | D:10     | 7575 ||| Stepping ~*~*~tactically~*~*~ (outnumbered).
  7576 | D:10     | 7576 ||| Stepping ~*~*~tactically~*~*~ (outnumbered).
  7577 | D:10     | 7577 ||| Stepping ~*~*~tactically~*~*~ (outnumbered).
  7578 | D:10     | 7578 ||| Stepping ~*~*~tactically~*~*~ (outnumbered).
  7579 | D:10     | 7579 ||| Stepping ~*~*~tactically~*~*~ (outnumbered).
  7580 | D:10     | 7580 ||| Stepping ~*~*~tactically~*~*~ (outnumbered).
  7581 | D:10     | 7581 ||| Stepping ~*~*~tactically~*~*~ (outnumbered).
  7582 | D:10     | 7582 ||| Stepping ~*~*~tactically~*~*~ (outnumbered).
  7590 | D:10     | Reached skill level 3 in Armour
  7594 | D:10     | 7594 ||| INVOKING Fiery Armour.
  7680 | D:10     | 7680 ||| Stepping ~*~*~tactically~*~*~ (stealth).
  7700 | D:10     | 7700 ||| Stepping ~*~*~tactically~*~*~ (stealth).
  7786 | D:10     | 7786 ||| Stepping ~*~*~tactically~*~*~ (stealth).
  7791 | D:10     | 7791 ||| Stepping ~*~*~tactically~*~*~ (stealth).
  7836 | D:10     | Found a staircase to the Lair.
  7920 | D:10     | 7920 ||| Stepping ~*~*~tactically~*~*~ (stealth).
  7997 | D:10     | Found Atoyduom's Distillery.
  8005 | D:10     | 8005 ||| BUYING potion of curing (51 gold).
  8005 | D:10     | Bought a potion of curing for 51 gold pieces
  8005 | D:10     | 8005 ||| BUYING potion of haste (170 gold).
  8005 | D:10     | Bought a potion of haste for 170 gold pieces
  8005 | D:10     | 8005 ||| SHOPLISTING potion of haste (170 gold, have 118).
  8005 | D:10     | 8005 ||| BUYING potion of might (68 gold).
  8005 | D:10     | Bought a potion of might for 68 gold pieces
  8005 | D:10     | 8005 ||| SHOPLISTING potion of might (68 gold, have 50).
  8013 | D:10     | 8013 ||| Stepping ~*~*~tactically~*~*~ (stealth).
  8019 | D:10     | 8019 ||| Stepping ~*~*~tactically~*~*~ (outnumbered).
  8020 | D:10     | 8020 ||| Stepping ~*~*~tactically~*~*~ (outnumbered).
  8021 | D:10     | 8021 ||| Stepping ~*~*~tactically~*~*~ (outnumbered).
  8022 | D:10     | 8022 ||| Stepping ~*~*~tactically~*~*~ (outnumbered).
  8053 | D:10     | Paralysed by a hornet for 1 turns
  8144 | D:10     | 8144 ||| Stepping ~*~*~tactically~*~*~ (stealth).
  8342 | D:10     | 8342 ||| Stepping ~*~*~tactically~*~*~ (outnumbered).
  8343 | D:10     | 8343 ||| Stepping ~*~*~tactically~*~*~ (outnumbered).
  8344 | D:10     | 8344 ||| Stepping ~*~*~tactically~*~*~ (outnumbered).
  8345 | D:10     | 8345 ||| Stepping ~*~*~tactically~*~*~ (outnumbered).
  8346 | D:10     | 8346 ||| Stepping ~*~*~tactically~*~*~ (outnumbered).
  8347 | D:10     | 8347 ||| Stepping ~*~*~tactically~*~*~ (outnumbered).
  8348 | D:10     | 8348 ||| Stepping ~*~*~tactically~*~*~ (outnumbered).
  8350 | D:10     | 8350 ||| Stepping ~*~*~tactically~*~*~ (outnumbered).
  8353 | D:10     | 8353 ||| Stepping ~*~*~tactically~*~*~ (outnumbered).
  8354 | D:10     | 8354 ||| Stepping ~*~*~tactically~*~*~ (outnumbered).
  8355 | D:10     | 8355 ||| Stepping ~*~*~tactically~*~*~ (outnumbered).
  8357 | D:10     | Reached skill level 16 in Unarmed Combat
  8357 | D:10     | 8357 ||| Stepping ~*~*~tactically~*~*~ (outnumbered).
  8358 | D:10     | 8358 ||| Stepping ~*~*~tactically~*~*~ (outnumbered).
  8394 | D:10     | 8394 ||| Stepping ~*~*~tactically~*~*~ (hiding).
  8470 | D:10     | Noticed Harold
  8471 | D:10     | 8471 ||| FLEEEEING.
  8472 | D:10     | 8472 ||| FLEEEEING.
  8473 | D:10     | 8473 ||| FLEEEEING.
  8474 | D:10     | 8474 ||| FLEEEEING.
  8475 | D:10     | 8475 ||| FLEEEEING.
  8476 | D:10     | 8476 ||| FLEEEEING.
  8477 | D:10     | 8477 ||| FLEEEEING.
  8478 | D:10     | 8478 ||| FLEEEEING.
  8479 | D:10     | 8479 ||| STAIRDANCE
  8581 | D:9      | 8581 ||| READING scroll labelled OSSIMI CIKAI.
  8682 | D:9      | 8682 ||| READING scroll labelled MINWULLI CUSHRA.
  8683 | D:9      | 8683 ||| READING 2 scrolls of identify.
  8683 | D:9      | 8683 ||| IDENTIFYING fuming blue potion
  8684 | D:9      | 8684 ||| DROPPING potion of attraction.
  8687 | D:10     | 8687 ||| STAIRDANCE
  8797 | D:10     | Killed Harold
  8830 | D:10     | 8830 ||| PLANNING LAIR
  8869 | Lair:1   | Entered Level 1 of the Lair of Beasts
  9165 | Lair:1   | 9165 ||| Stepping ~*~*~tactically~*~*~ (stealth).
  9167 | Lair:1   | 9167 ||| Stepping ~*~*~tactically~*~*~ (stealth).
  9175 | Lair:1   | 9175 ||| Stepping ~*~*~tactically~*~*~ (outnumbered).
  9176 | Lair:1   | 9176 ||| Stepping ~*~*~tactically~*~*~ (outnumbered).
  9177 | Lair:1   | 9177 ||| Stepping ~*~*~tactically~*~*~ (outnumbered).
  9191 | Lair:1   | 9191 ||| Stepping ~*~*~tactically~*~*~ (outnumbered).
  9192 | Lair:1   | 9192 ||| Stepping ~*~*~tactically~*~*~ (outnumbered).
  9193 | Lair:1   | 9193 ||| Stepping ~*~*~tactically~*~*~ (outnumbered).
  9194 | Lair:1   | 9194 ||| Stepping ~*~*~tactically~*~*~ (outnumbered).
  9195 | Lair:1   | 9195 ||| Stepping ~*~*~tactically~*~*~ (outnumbered).
  9198 | Lair:1   | 9198 ||| Stepping ~*~*~tactically~*~*~ (outnumbered).
  9199 | Lair:1   | 9199 ||| Stepping ~*~*~tactically~*~*~ (outnumbered).
  9200 | Lair:1   | 9200 ||| Stepping ~*~*~tactically~*~*~ (outnumbered).
  9201 | Lair:1   | 9201 ||| Stepping ~*~*~tactically~*~*~ (outnumbered).
  9202 | Lair:1   | 9202 ||| Stepping ~*~*~tactically~*~*~ (outnumbered).
  9203 | Lair:1   | 9203 ||| Stepping ~*~*~tactically~*~*~ (outnumbered).
  9239 | Lair:1   | Noticed an eight-headed hydra
  9240 | Lair:1   | 9240 ||| INVOKING Fiery Armour.
  9248 | Lair:1   | Killed a ten-headed hydra
  9267 | Lair:1   | Reached XP level 12. HP: 114/118 MP: 12/12
  9508 | Lair:1   | 9508 ||| DROPPING orb of wrath.
  9557 | Lair:2   | 9557 ||| READING scroll of enchant armour.
  9557 | Lair:2   | 9557 ||| ENCHANTING +1 swamp dragon scales.
  9603 | Lair:2   | Identified the ring "Etoath" {Ice rPois Str-5 Int+2}
  9609 | Lair:2   | Reached skill level 17 in Unarmed Combat
  9747 | Lair:2   | 9747 ||| Stepping ~*~*~tactically~*~*~ (hiding).
 10114 | Lair:2   | Found a staircase to the Swamp.
 10228 | Lair:2   | 10228 ||| Stepping ~*~*~tactically~*~*~ (stealth).
 10300 | Lair:2   | 10300 ||| INVOKING Fiery Armour.
 10470 | Lair:2   | 10470 ||| READING 3 scrolls of identify.
 10470 | Lair:2   | 10470 ||| IDENTIFYING sedimented cyan potion
 10471 | Lair:2   | 10471 ||| READING 2 scrolls of identify.
 10471 | Lair:2   | 10471 ||| IDENTIFYING smoky green potion
 10472 | Lair:2   | 10472 ||| DROPPING potion of berserk rage.
 10498 | Lair:3   | 10498 ||| Stepping ~*~*~tactically~*~*~ (stealth).
 10501 | Lair:3   | 10501 ||| INVOKING Fiery Armour.
 10545 | Lair:3   | 10545 ||| Stepping ~*~*~tactically~*~*~ (stealth).
 10548 | Lair:3   | 10548 ||| Stepping ~*~*~tactically~*~*~ (stealth).
 10584 | Lair:3   | 10584 ||| Stepping ~*~*~tactically~*~*~ (stealth).
 10651 | Lair:3   | 10651 ||| Stepping ~*~*~tactically~*~*~ (stealth).
 10652 | Lair:3   | 10652 ||| Stepping ~*~*~tactically~*~*~ (stealth).
 10656 | Lair:3   | Reached skill level 18 in Unarmed Combat
 10656 | Lair:3   | Identified the +2 robe of Lifelessness {Int+2}
 10668 | Lair:3   | Noticed a five-headed hydra
 10669 | Lair:3   | 10669 ||| INVOKING Fiery Armour.
 10675 | Lair:3   | Killed an eight-headed hydra
 10678 | Lair:3   | 10678 ||| Stepping ~*~*~tactically~*~*~ (outnumbered).
 10679 | Lair:3   | 10679 ||| Stepping ~*~*~tactically~*~*~ (outnumbered).
 10685 | Lair:3   | 10685 ||| FLEEEEING.
 10763 | Lair:3   | You fall into a shaft and drop 2 floors!
 10763 | Lair:5   | Entered Level 5 of the Lair of Beasts
 10768 | Lair:5   | 10768 ||| Stepping ~*~*~tactically~*~*~ (outnumbered).
 10772 | Lair:5   | Noticed an eight-headed hydra
 10786 | Lair:5   | Killed a nine-headed hydra
 10787 | Lair:5   | HP: 21/119 [black mamba (10)]
 10788 | Lair:5   | 10788 ||| READING 2 scrolls of teleportation.
 10789 | Lair:5   | 10789 ||| DRINKING 4 potions of heal wounds.
 10832 | Lair:5   | 10832 ||| DROPPING +2 robe of Lifelessness {Int+2}.
 10852 | Lair:4   | 10852 ||| Stepping ~*~*~tactically~*~*~ (outnumbered).
 10853 | Lair:4   | 10853 ||| Stepping ~*~*~tactically~*~*~ (outnumbered).
 10854 | Lair:4   | 10854 ||| Stepping ~*~*~tactically~*~*~ (outnumbered).
 10855 | Lair:4   | 10855 ||| Stepping ~*~*~tactically~*~*~ (outnumbered).
 10856 | Lair:4   | 10856 ||| Stepping ~*~*~tactically~*~*~ (outnumbered).
 10857 | Lair:4   | 10857 ||| Stepping ~*~*~tactically~*~*~ (outnumbered).
 10858 | Lair:4   | 10858 ||| Stepping ~*~*~tactically~*~*~ (outnumbered).
 10859 | Lair:4   | 10859 ||| Stepping ~*~*~tactically~*~*~ (outnumbered).
 10860 | Lair:4   | 10860 ||| Stepping ~*~*~tactically~*~*~ (outnumbered).
 10861 | Lair:4   | 10861 ||| INVOKING Fiery Armour.
 10862 | Lair:4   | 10862 ||| Stepping ~*~*~tactically~*~*~ (outnumbered).
 10863 | Lair:4   | 10863 ||| STAIRDANCE
 10865 | Lair:3   | 10865 ||| Stepping ~*~*~tactically~*~*~ (outnumbered).
 10866 | Lair:3   | 10866 ||| Stepping ~*~*~tactically~*~*~ (outnumbered).
 10867 | Lair:3   | 10867 ||| Stepping ~*~*~tactically~*~*~ (outnumbered).
 10868 | Lair:3   | 10868 ||| Stepping ~*~*~tactically~*~*~ (outnumbered).
 10869 | Lair:3   | 10869 ||| Stepping ~*~*~tactically~*~*~ (outnumbered).
 10870 | Lair:3   | 10870 ||| Stepping ~*~*~tactically~*~*~ (outnumbered).
 10871 | Lair:3   | 10871 ||| Stepping ~*~*~tactically~*~*~ (outnumbered).
 10872 | Lair:3   | 10872 ||| Stepping ~*~*~tactically~*~*~ (outnumbered).
 10873 | Lair:3   | 10873 ||| Stepping ~*~*~tactically~*~*~ (outnumbered).
 10874 | Lair:3   | 10874 ||| Stepping ~*~*~tactically~*~*~ (outnumbered).
 10875 | Lair:3   | 10875 ||| Stepping ~*~*~tactically~*~*~ (outnumbered).
 10876 | Lair:3   | 10876 ||| Stepping ~*~*~tactically~*~*~ (outnumbered).
 10877 | Lair:3   | 10877 ||| Stepping ~*~*~tactically~*~*~ (outnumbered).
 10878 | Lair:3   | 10878 ||| Stepping ~*~*~tactically~*~*~ (outnumbered).
 10904 | Lair:3   | Found a hole to the Spider Nest.
 10967 | Lair:3   | 10967 ||| Stepping ~*~*~tactically~*~*~ (stealth).
 10968 | Lair:3   | 10968 ||| Stepping ~*~*~tactically~*~*~ (stealth).
 11032 | Lair:3   | 11032 ||| Stepping ~*~*~tactically~*~*~ (stealth).
 11441 | Lair:4   | 11441 ||| INVOKING Fiery Armour.
 11442 | Lair:4   | 11442 ||| Stepping ~*~*~tactically~*~*~ (outnumbered).
 11443 | Lair:4   | 11443 ||| Stepping ~*~*~tactically~*~*~ (outnumbered).
 11445 | Lair:4   | 11445 ||| Stepping ~*~*~tactically~*~*~ (outnumbered).
 11448 | Lair:4   | 11448 ||| Stepping ~*~*~tactically~*~*~ (outnumbered).
 11449 | Lair:4   | 11449 ||| Stepping ~*~*~tactically~*~*~ (outnumbered).
 11452 | Lair:4   | 11452 ||| Stepping ~*~*~tactically~*~*~ (outnumbered).
 11453 | Lair:4   | 11453 ||| Stepping ~*~*~tactically~*~*~ (outnumbered).
 11456 | Lair:4   | Reached XP level 13. HP: 87/127 MP: 13/13
 11622 | Lair:4   | 11622 ||| PLANNING CONVERSION TO OKAWARU
 11813 | D:6      | 11813 ||| PLANNING D:1-11
 11822 | D:5      | 11822 ||| READING 3 scrolls of teleportation.
 11823 | D:5      | 11823 ||| PLANNING LAIR
 12045 | Lair:4   | Noticed Josephine
 12052 | Lair:4   | 12052 ||| Stepping ~*~*~tactically~*~*~ (outnumbered).
 12055 | Lair:4   | 12055 ||| Stepping ~*~*~tactically~*~*~ (outnumbered).
 12057 | Lair:4   | 12057 ||| Stepping ~*~*~tactically~*~*~ (outnumbered).
 12069 | Lair:4   | Killed Josephine
 12216 | Lair:4   | 12216 ||| Stepping ~*~*~tactically~*~*~ (outnumbered).
 12364 | Lair:4   | Reached skill level 19 in Unarmed Combat
 12370 | Lair:4   | Found a staircase to the Slime Pits.
 12374 | Lair:4   | Found a viscous altar of Jiyva.
 12532 | Lair:5   | 12532 ||| READING scroll of enchant armour.
 12532 | Lair:5   | 12532 ||| ENCHANTING +2 swamp dragon scales.
 12556 | Lair:5   | 12556 ||| Stepping ~*~*~tactically~*~*~ (outnumbered).
 12557 | Lair:5   | 12557 ||| Stepping ~*~*~tactically~*~*~ (outnumbered).
 12559 | Lair:5   | 12559 ||| Stepping ~*~*~tactically~*~*~ (outnumbered).
 12560 | Lair:5   | 12560 ||| Stepping ~*~*~tactically~*~*~ (outnumbered).
 12562 | Lair:5   | 12562 ||| Stepping ~*~*~tactically~*~*~ (outnumbered).
 12685 | Lair:5   | 12685 ||| Stepping ~*~*~tactically~*~*~ (stealth).
 12686 | Lair:5   | 12686 ||| Stepping ~*~*~tactically~*~*~ (stealth).
 12715 | Lair:5   | 12715 ||| FLEEEEING.
 12773 | Lair:5   | 12773 ||| Stepping ~*~*~tactically~*~*~ (stealth).
 12775 | Lair:5   | 12775 ||| Stepping ~*~*~tactically~*~*~ (stealth).
 12777 | Lair:5   | 12777 ||| Stepping ~*~*~tactically~*~*~ (hiding).
 12829 | Lair:5   | 12829 ||| Stepping ~*~*~tactically~*~*~ (stealth).
 12869 | Lair:5   | 12869 ||| Stepping ~*~*~tactically~*~*~ (outnumbered).
 12870 | Lair:5   | 12870 ||| Stepping ~*~*~tactically~*~*~ (outnumbered).
 12874 | Lair:5   | Reached skill level 9 in Fighting
 12875 | Lair:5   | HP: 32/131 [eight-headed hydra (8)]
 12875 | Lair:5   | HP: 11/131 [eight-headed hydra (10)]
 12876 | Lair:5   | 12876 ||| READING 2 scrolls of teleportation.
 12876 | Lair:5   | HP: 2/131 [eight-headed hydra (10)]
 12876 | Lair:5   | Slain by an eight-headed hydra

Levels and vault maps discovered:
D:1:      shiori_arrival_elements, layout_basic, basic_ecumenical_altar,
          corner_web_ring, kennysheep_minor_cross, nrook_mini_backslash
D:2:      layout_basic, minmay_misc_feat_x, uniq_jessica, uniq_natasha
D:3:      layout_basic, old_standard_altar, uniq_robin, uniq_ijyb
D:4:      layout_gridville, nicolae_ru_awakened_eye,
          minmay_misc_feat_nine_boxes, uniq_sigmund
D:5:      layout_layer_cave, mainiacjoe_overflow_boulevard,
          minmay_temple_entry_wispy, serial_shops, nicolae_stop_n_shop_1,
          nicolae_grassy_gnolls
D:6:      layout_loops_cross, okawaru_ov_weapons_minmay, kennysheep_little_box,
          corexii_shack
D:7:      layout_basic, serial_shops, shop
D:8:      layout_loops_ring, fiery_altar_vehumet, chequers_garden, uniq_grum,
          uniq_maggie, uniq_joseph
D:9:      layout_basic, mainiacjoe_overflow_small_starburst,
          nicolae_elyvilon_temple_path, enter_bailey_4, uniq_maurice
D:10:     layout_grid_maze, jmf_multi_god_temple, due_lair_maze_entry_diamond,
          serial_shops, nicolae_shop_temple_entry_statues_fountains, uniq_harold
Lair:1:   layout_hall_layers, lemuel_fruit_fields, lemuel_fruit_fields
Lair:2:   layout_cave_pods, swamp_mist, grunt_megastairs_4
Lair:3:   layout_chaotic_city, spider_nest_entry_a, serial_bayou_shore_a,
          grunt_megastairs_2
Lair:4:   layout_big_grid, minmay_slime_entry_eyes, uniq_josephine
Lair:5:   grunt_lair_end_beastmaster, layout_cave_pods

Skill      XL: |  1  2  3  4  5  6  7  8  9 10 11 12 13 |
---------------+----------------------------------------+-----
Unarmed Combat | 4 5 6 8 9 11 13 15 16 18 19 | 19.0
Fighting       | 3 4 5 6 7 8 9 |  9.0
Throwing       | 1 2 4 5 |  5.0
Dodging        | 1 2 |  2.2
Armour         | 1 2 3 4 |  4.0
Spellcasting   | |  1.0
Fire Magic     | |  2.1

Action                   |  1- 3 |  4- 6 |  7- 9 | 10-12 | 13-15 || total
-------------------------+-------+-------+-------+-------+-------++-------
Melee: Unarmed           |    84 |    85 |   229 |   518 |   130 ||  1046
       Punch             |     2 |     2 |     5 |    43 |     7 ||    59
Throw: Boomerang         |    29 |    52 |    51 |    74 |    40 ||   246
       Javelin           |       |       |       |    77 |       ||    77
Invok: Fiery Armour      |       |     2 |     2 |     9 |       ||    13
  Use: Scroll            |     5 |     5 |     8 |    13 |     3 ||    34
       Potion            |       |     2 |     3 |     2 |       ||     7
Armor: Robe              |    31 |    21 |    47 |       |       ||    99
       Steam dragon scal |       |       |    19 |    12 |       ||    31
       Swamp dragon scal |       |       |       |   229 |    80 ||   309
Dodge: Dodged            |    48 |    29 |   102 |   203 |    53 ||   435

Table legend:
 A = Non-vault XP
 B = Vault XP
 C = Vault XP percentage of total XP
 D = Non-vault monster count
 E = Vault monster count
 F = Vault count percentage of total count
                 A         B        C        D         E       F
            +---------+---------+-------+---------+---------+-------
      Total |   39424 |    8636 |  18.0 |     331 |      63 |  16.0
            +---------+---------+-------+---------+---------+-------
        D:1 |      63 |       0 |   0.0 |      35 |       0 |   0.0
        D:2 |     134 |      73 |  35.3 |      19 |       2 |   9.5
        D:3 |      17 |      68 |  80.0 |       7 |      13 |  65.0
        D:4 |     384 |     214 |  35.8 |      23 |       1 |   4.2
        D:5 |    1100 |     191 |  14.8 |      19 |       6 |  24.0
        D:6 |    1004 |       2 |   0.2 |      19 |       1 |   5.0
        D:7 |    2470 |       0 |   0.0 |      28 |       0 |   0.0
        D:8 |    1840 |    1353 |  42.4 |      16 |       6 |  27.3
        D:9 |    3338 |     461 |  12.1 |      35 |       6 |  14.6
       D:10 |    2813 |    2289 |  44.9 |      24 |      13 |  35.1
     Lair:1 |    4158 |       0 |   0.0 |      17 |       0 |   0.0
     Lair:2 |    4364 |    1009 |  18.8 |      21 |       4 |  16.0
     Lair:3 |    5898 |    1118 |  15.9 |      25 |       5 |  16.7
     Lair:4 |    4821 |    1858 |  27.8 |      16 |       6 |  27.3
     Lair:5 |    7020 |       0 |   0.0 |      27 |       0 |   0.0
            +---------+---------+-------+---------+---------+-------
